 Dungeon Crawl Stone Soup version 0.29.0-4-gdea44cf6ec (webtiles) character file.

Game seed: 3640528034086210998

355 qw the Chopper (level 6, -1/36 HPs)
             Began as a Tengu Warper on Aug 29, 2022.
             Slain by Eustachio
             ... wielding a +0 rapier
              (4 damage)
             ... on level 4 of the Dungeon.
             The game lasted 00:00:15 (3062 turns).

qw the Chopper (Tengu Warper)                       Turns: 3062, Time: 00:00:15

Health: -1/36      AC: 10    Str: 19    XL:     6   Next: 63%
Magic:  10/10      EV: 13    Int: 15    God:
Gold:   170        SH:  0    Dex: 14    Spells: 9/9 levels left

rFire   . . .      SeeInvis .   Y - +0 hand axe
rCold   + . .      Faith    .   (no shield)
rNeg    . . .      Spirit   .   b - +5 ring mail of the Sky {Int+2}
rPois   .          Reflect  .   (helmet restricted)
rElec   .          Harm     .   (no cloak)
rCorr   .          Rampage  .   (no gloves)
Will    .....                   (boots unavailable)
Stlth   +.........              (no amulet)
HPRegen 0.12/turn               i - ring of protection from cold
MPRegen 0.12/turn               c - +6 ring of strength

@: flying quickly and evasively, quick
A: beak, talons 3, nimble flight
a: no special abilities


You were on level 4 of the Dungeon.
You visited 1 branch of the dungeon, and saw 4 of its levels.

You collected 170 gold pieces.


Innate Abilities, Weirdness & Mutations

You have a beak for a mouth.
You have claws for feet.
Your magical nature lets you fly swiftly and evasively.


   Skills:
 + Level 2.6 Fighting
 - Level 7.2 Axes
 - Level 1.0 Throwing
 - Level 1.1 Armour
 - Level 2.1 Dodging
 - Level 2.0 Spellcasting
 - Level 2.4 Translocations


You had 9 spell levels left.
You didn't know any spells.
Your spell library contained the following spells:

 Spells                   Type           Power      Damage    Failure   Level
 Blink                    Tloc           16%        N/A       22%         2
 Gell's Gravitas          Tloc           8%         N/A       41%         3
 Lesser Beckoning         Tloc           8%         N/A       41%         3
 Teleport Other           Tloc           8%         N/A       41%         3
 Manifold Assault         Tloc           8%         N/A       99%         5

Inventory:

Hand Weapons
 j - a +0 whip
 Y - a +0 hand axe (weapon)
Missiles
 l - 2 javelins (quivered)
Armour
 b - the +5 ring mail of the Sky (worn) {Int+2}
   (You found it on level 2 of the Dungeon)

   Int:       It affects your intelligence (+2).
Jewellery
 c - a +6 ring of strength (right hand)
 i - a ring of protection from cold (left hand)
Scrolls
 a - a scroll of identify
 e - a scroll of teleportation {unknown}
Potions
 d - a potion of mutation
 h - a potion of haste
 k - a potion of curing

Dungeon Overview and Level Annotations

Branches:
Dungeon (4/15)
 Temple: D:4-7

Altars:
Qazlal
Wu Jian

Annotations:
D:4 Eustachio


Message History

You kill the rat!
The rat's corpse disappears in a puff of smoke!
You barely miss the white imp. You hit the iron imp.
The white imp gestures at you. The puff of frost hits you. You resist.
The iron imp barely misses you.
You hit Eustachio but do no damage. You claw Eustachio.
Eustachio is severely wounded.
You hit the white imp. You hit the iron imp but do no damage.
Eustachio hits you but does no damage. The white imp closely misses you.
The iron imp closely misses you.
You hit Eustachio but do no damage. You claw Eustachio, but do no damage.
Eustachio is severely wounded.
You closely miss the white imp. You hit the iron imp. Eustachio misses you.
The white imp hits you. The white imp freezes you. You resist.
You barely miss Eustachio. Your kick misses Eustachio.
You peck Eustachio, but do no damage.
Eustachio is severely wounded.
You hit the crimson imp but do no damage.
You closely miss the white imp. You hit the iron imp but do no damage.
The iron imp hits you but does no damage.
Eustachio yells, "Perjured traitor, DIE!"
Eustachio closely misses you.
The crimson imp hits you but does no damage.
The white imp gestures at you.
The puff of frost hits you but does no damage.
You barely miss Eustachio.
Eustachio is severely wounded.
You hit the crimson imp but do no damage.
You barely miss the white imp. You hit the iron imp but do no damage.
Eustachio hits you with a +0 rapier. The crimson imp closely misses you.
The white imp gestures at you. The puff of frost misses you.
The puff of frost hits the crimson imp.
The crimson imp is frozen!
The iron imp misses you.
You slash Eustachio! You claw Eustachio.
Eustachio is almost dead.
You hit the crimson imp but do no damage.
You closely miss the white imp. You hit the iron imp.
Eustachio hits you with a +0 rapier.
You die...

...# .~.# ~~~# ~~.# ~~.#
...# ############# ...#
##.....#.....####
...#####......%?.5..(...
................@.......
..#####........5@5......
### #................. .
#................. ##
#...............[.
#.................
..................
..................
####.....


You could see Eustachio, an iron imp (summoned), a crimson imp (summoned) and a
white imp (summoned).

Vanquished Creatures
  Grinder (D:3)
  An ogre (D:3)
  A bullfrog zombie (D:4)
  An adder (D:3)
  A dart slug (D:1)
  8 ball pythons
  3 bats
  5 endoplasms
  3 giant cockroaches
  6 goblins
  5 hobgoblins
  2 kobolds
  2 quokkas (D:3)
  3 frilled lizards
  5 rats
47 creatures vanquished.

Notes
Turn   | Place    | Note
-------+----------+-------------------------------------------
     0 | D:1      | qw the Tengu Warper began the quest for the Orb.
     0 | D:1      | Reached XP level 1. HP: 12/12 MP: 4/4
     0 | D:1      | 0 ||| qw: Version: 0.1-a-89-g26bdef1
     0 | D:1      | 0 ||| qw: Game counter: 3511
     0 | D:1      | 0 ||| qw: Always use a shield: true
     0 | D:1      | 0 ||| qw: God list: Okawaru
     0 | D:1      | 0 ||| qw: Allow faded altars: false
     0 | D:1      | 0 ||| qw: Do Orc after D:15 true
     0 | D:1      | 0 ||| qw: Do second Lair branch before Depths: true
     0 | D:1      | 0 ||| qw: Lair rune preference: random
     0 | D:1      | 0 ||| qw: Plans: Normal
     0 | D:1      | 0 ||| PLANNING D:1-11
    45 | D:1      | 45 ||| Stepping ~*~*~tactically~*~*~ (stealth).
    47 | D:1      | 47 ||| Stepping ~*~*~tactically~*~*~ (stealth).
   171 | D:1      | 171 ||| Stepping ~*~*~tactically~*~*~ (stealth).
   179 | D:1      | Reached XP level 2. HP: 17/17 MP: 6/6
   184 | D:1      | Reached skill level 3 in Axes
   290 | D:1      | 290 ||| Stepping ~*~*~tactically~*~*~ (hiding).
   363 | D:1      | 363 ||| Stepping ~*~*~tactically~*~*~ (stealth).
   650 | D:1      | 650 ||| Stepping ~*~*~tactically~*~*~ (stealth).
   714 | D:1      | 714 ||| Stepping ~*~*~tactically~*~*~ (stealth).
   718 | D:1      | 718 ||| Stepping ~*~*~tactically~*~*~ (stealth).
   719 | D:1      | 719 ||| Stepping ~*~*~tactically~*~*~ (stealth).
   734 | D:1      | 734 ||| DROPPING +0 club.
   804 | D:1      | Reached XP level 3. HP: 21/21 MP: 7/7
  1066 | D:1      | 1066 ||| UPGRADING to +0 ring mail.
  1076 | D:1      | 1076 ||| DROPPING +0 leather armour.
  1077 | D:1      | 1077 ||| READING 3 scrolls labelled ADGHEC HUCSEDE.
  1078 | D:1      | 1078 ||| READING scroll labelled VUN ET TYB.
  1079 | D:1      | 1079 ||| DRINKING 2 viscous white potions.
  1080 | D:1      | 1080 ||| READING 2 scrolls of identify.
  1080 | D:1      | 1080 ||| IDENTIFYING glowing clear potion
  1081 | D:1      | 1081 ||| DROPPING scroll of blinking.
  1082 | D:1      | 1082 ||| DROPPING potion of attraction.
  1123 | D:2      | Found an ornate altar of the Wu Jian Council.
  1128 | D:2      | 1128 ||| STAIRDANCE
  1181 | D:2      | Reached skill level 4 in Axes
  1195 | D:2      | Identified the +5 ring mail of the Sky {Int+2}
  1722 | D:2      | 1722 ||| UPGRADING to +5 ring mail of the Sky {Int+2}.
  1732 | D:2      | 1732 ||| DROPPING +0 ring mail.
  1733 | D:2      | 1733 ||| UPGRADING to ring of protection from cold.
  1734 | D:2      | 1734 ||| READING scroll labelled YJO DEESIECKOA.
  1735 | D:2      | 1735 ||| READING scroll labelled YHANAXT XUGG.
  1736 | D:2      | 1736 ||| READING scroll labelled WASKUWOPLE.
  1737 | D:2      | 1737 ||| READING 2 scrolls of identify.
  1737 | D:2      | 1737 ||| IDENTIFYING coppery potion
  1938 | D:3      | Found a stormy altar of Qazlal.
  1938 | D:3      | Noticed an ogre
  1950 | D:3      | HP: 3/21 [ogre/+0 giant club (5)]
  1951 | D:3      | Killed an ogre
  1952 | D:3      | Reached skill level 5 in Axes
  1952 | D:3      | Reached XP level 4. HP: 4/26 MP: 8/8
  1952 | D:3      | Gained mutation: Your magical nature lets you fly swiftly
                  | and evasively. [Tengu growth]
  1952 | D:3      | Reached XP level 5. HP: 5/30 MP: 9/9
  2269 | D:3      | Noticed Grinder
  2270 | D:3      | 2270 ||| Stepping ~*~*~tactically~*~*~ (hiding).
  2284 | D:3      | 2284 ||| Stepping ~*~*~tactically~*~*~ (hiding).
  2294 | D:3      | Paralysed by Grinder for 2 turns
  2299 | D:3      | Killed Grinder
  2300 | D:3      | Reached skill level 7 in Axes
  2300 | D:3      | Reached XP level 6. HP: 25/35 MP: 10/10
  2979 | D:3      | 2979 ||| UPGRADING to +6 ring of strength.
  2980 | D:3      | 2980 ||| READING 2 scrolls of identify.
  2980 | D:3      | 2980 ||| IDENTIFYING purple potion
  3039 | D:4      | Noticed Eustachio
  3059 | D:4      | HP: 8/36 [white imp[Eustachio] (2)]
  3061 | D:4      | HP: 3/36 [Eustachio/+0 rapier (5)]
  3062 | D:4      | Slain by Eustachio

Levels and vault maps discovered:
D:1:      dpeg_arrival_another_circle, layout_loops_ring
D:2:      layout_loops_ring, basic_altar
D:3:      layout_basic, nicolae_qazlal_scattered_showers, uniq_grinder
D:4:      layout_rooms, temple_green, serial_undead, serial_undead_c,
          serial_undead_f, serial_undead_b, serial_undead_f, serial_shops,
          nicolae_shop_waterfront, ebering_ghost_reflecting_pool,
          minmay_misc_feat_x, uniq_eustachio

Skill      XL: |  1  2  3  4  5 |
---------------+----------------+-----
Axes           | 3 5 7 |  7.2
Fighting       | |  2.6
Throwing       | |  1.0
Armour         | |  1.1
Dodging        | |  2.1
Spellcasting   | |  2.0
Translocations | |  2.4

Action                   |  1- 3 |  4- 6 || total
-------------------------+-------+-------++-------
Melee: Hand axe          |    70 |    47 ||   117
       Kick              |    17 |    16 ||    33
       Peck              |     7 |     9 ||    16
       Punch             |       |     1 ||     1
Throw: Boomerang         |     7 |       ||     7
       Javelin           |     7 |    14 ||    21
  Use: Scroll            |     7 |     1 ||     8
       Potion            |     1 |       ||     1
Armor: Leather armour    |    16 |       ||    16
       Ring mail         |     4 |    11 ||    15
Dodge: Dodged            |    36 |    24 ||    60

Table legend:
 A = Non-vault XP
 B = Vault XP
 C = Vault XP percentage of total XP
 D = Non-vault monster count
 E = Vault monster count
 F = Vault count percentage of total count
                 A         B        C        D         E       F
            +---------+---------+-------+---------+---------+-------
      Total |     208 |     300 |  59.1 |      45 |       2 |   4.3
            +---------+---------+-------+---------+---------+-------
        D:1 |      39 |       0 |   0.0 |      23 |       0 |   0.0
        D:2 |      16 |       0 |   0.0 |       9 |       0 |   0.0
        D:3 |     151 |     254 |  62.7 |      12 |       1 |   7.7
        D:4 |       2 |      46 |  95.8 |       1 |       1 |  50.0
            +---------+---------+-------+---------+---------+-------
